 Dungeon Crawl Stone Soup version 0.30-a0-691-g754fce4c43 (webtiles) character file.

Game seed: 18216343493419172727

2517 Newt the Trooper (level 9, -11/69 HPs)
             Began as a Demonspawn Gladiator on Jan 19, 2023.
             Was an Initiate of Dithmenos.
             Mangled by a two-headed ogre
             ... wielding a +0 giant club
              (27 damage)
             ... on level 5 of the Dungeon.
             The game lasted 00:07:37 (6820 turns).

Newt the Trooper (Demonspawn Gladiator)             Turns: 6820, Time: 00:07:38

Health: -11/69     AC:  8    Str: 18    XL:     9   Next: 29%
Magic:  9/9        EV: 13    Int: 15    God:    Dithmenos [......]
Gold:   91         SH:  9    Dex: 18    Spells: 5/8 levels left

rFire   . . .      SeeInvis .    o - +2 spear (venom)
rCold   . . .      Faith    .    (no shield)
rNeg    . . .      Spirit   .    b - +0 leather armour
rPois   .          Reflect  +    c - +0 helmet
rElec   .          Harm     .    E - +0 cloak
rCorr   .          Rampage  .    (no gloves)
Will    .....                    s - +1 pair of boots
Stlth   +++                      D - amulet of reflection
HPRegen 0.31/turn                y - +6 ring of intelligence
MPRegen 0.11/turn                F - ring of wizardry

@: no status effects
A: powered by death 2, condensation shield, demonic touch 1, strong 1
a: Renounce Religion


You were on level 5 of the Dungeon.
You worshipped Dithmenos.
Dithmenos was noncommittal.
You visited 2 branches of the dungeon, and saw 7 of its levels.

You collected 308 gold pieces.
You spent 217 gold pieces at shops.

Inventory:

Hand Weapons
 a - a +0 rapier
 e - a +3 short sword of freezing
 o - a +2 spear of venom (weapon)
 x - a +0 whip of freezing
Missiles
 d - a throwing net
 h - 6 javelins
 n - 3 boomerangs
 t - 13 poisoned darts
Armour
 b - a +0 leather armour (worn)
 c - a +0 helmet (worn)
 s - a +1 pair of boots (worn)
 E - a +0 cloak (worn)
Jewellery
 y - a +6 ring of intelligence (left hand)
 z - an amulet of guardian spirit
 D - an amulet of reflection (around neck)
 F - a ring of wizardry (right hand)
Wands
 j - a wand of roots (13)
 u - a wand of flame (25)
 w - a wand of charming (6)
Scrolls
 l - 5 scrolls of teleportation
 m - 2 scrolls of amnesia
 B - a scroll of butterflies {unknown}
 C - a scroll of fog
Potions
 f - 2 potions of mutation
 g - a potion of ambrosia {unknown}
 i - a potion of degeneration
 k - a potion of haste
 p - a potion of attraction
 q - a potion of brilliance {unknown}
 r - 4 potions of lignification
 v - a potion of cancellation {unknown}
 A - 2 potions of heal wounds {unknown}
 G - a potion of might {unknown}


   Skills:
 - Level 6.0 Fighting
 - Level 6.0 Short Blades
 - Level 4.0 Polearms
 - Level 1.7 Throwing
 - Level 4.0 Armour
 + Level 4.1 Dodging
 - Level 6.0 Stealth


You had 5 spell levels left.
You knew the following spells:

 Your Spells              Type           Power      Damage    Failure   Level
a - Ignite Poison         Fire/Tmut/Pois 0%         N/A       34%         3

Your spell library contained the following spells:

 Spells                   Type           Power      Damage    Failure   Level
 Necrotise                Necr           0%         1d4       13%         1
 Kindle Blastsparks       Fire/Tloc/Air  0%         2d10      34%         3
 Stone Arrow              Conj/Erth      0%         3d7       34%         3
 Vampiric Draining        Necr           0%         2d6       34%         3
 Animate Armour           Summ/Erth      0%         N/A       75%         4
 Agony                    Necr           0%         N/A       96%         5
 Freezing Cloud           Conj/Ice/Air   0%         6-21      96%         5
 Lehudib's Crystal Spear  Conj/Erth      0%         10d2      100%        8


Dungeon Overview and Level Annotations

Branches:
Dungeon (6/15)             Temple (1/1) D:5

Altars:
Ashenzari
Dithmenos
Fedhas
Gozag
Kikubaaqudgha
Makhleb
Nemelex Xobeh
Okawaru
Qazlal
Sif Muna
Trog
Vehumet
Wu Jian
Yredelemnul

Shops:
D:4 *


Innate Abilities, Weirdness & Mutations

You regenerate health from kills.
A meltable shield of frost defends you. (SH +4)
Your touch may inflict minor irresistible damage on your foes.
Your muscles are strong. (Str +4, Int/Dex -1)


Message History

Your life force feels restored.
Training target 6.0 for Short Blades reached!
Your Short Blades skill increases to level 6!
You need to enable at least one skill for training.
Okay, then.
You start resting.
You feel sick. x2
You are no longer poisoned.
You start resting.
HP restored.
You start waiting.
Done waiting.
You climb downwards.
The adder barely misses you. You block the two-headed ogre's attack.
The two-headed ogre hits you with a +0 giant club!!
The orc hits you with a +1 war axe of freezing.
The orc freezes you. You block the adder's attack.
There is a stone staircase leading up, spattered with blood here.
The orc barely misses you. The adder barely misses you.
The two-headed ogre barely misses you.
The two-headed ogre hits you with a +0 giant club.
You climb upwards.
There is a stone staircase leading down here.
You barely miss the two-headed ogre. The adder bites you but does no damage.
The orc hits you with a +1 war axe of freezing.
The orc freezes you.
Okay, then.
Aiming: Charm
Press: ? - help, Shift-Dir - straight line, f - adder
Aim: an adder (chance to affect: 57%)
The adder resists with significant effort.
You block the adder's attack.
The two-headed ogre hits you with a +0 giant club!!
* * * LOW HITPOINT WARNING * * *
You block the two-headed ogre's attack. The orc closely misses you.
The adder bites you but does no damage. The orc hits you but does no damage.
You block the adder's attack.
You see here a necrophage corpse.
The two-headed ogre attacks as you move away!
The two-headed ogre hits you with a +0 giant club!!
You die...

........<.........##...:<#.#####.
..................##..#..#.#.###.
..................#...#..#.#.....
..................#.#.#..#.#.####
..................#.#.####.#.#
..................#.#....#.#.####
...######.......†.#.#.##.#......#
................SO#.#....###.##.#
##.######.......@o#.#.######.##.#
##.# ##..........#........##.#
##.# #.....##.#############.#
##.#######.....##.##............#
##......######.##.##.############
#######.# #.##.##.# ## ###.##
#.##.##.# .## #....# #.##.##.#
..###....# #.##.##.#


You could see a two-headed ogre, an adder and an orc.

Vanquished Creatures
  Pikel (D:4)
  A troll (D:5)
  Sigmund (D:4)
  A yak (D:5)
  Edmund (D:5)
  A water moccasin (D:5)
  An ice beast (D:6)
  A sky beast (D:6)
  2 black bears (D:5)
  A centaur (D:6)
  3 lemures
  2 phantoms (D:5)
  A necrophage (D:5)
  4 scorpions
  A jelly (D:5)
  A gnoll bouda (D:3)
  Crazy Yiuf (D:5)
  A hound (D:5)
  Jessica (D:2)
  4 iguanas
  4 gnolls
  8 adders
  A shadow imp (D:6)
  A worm (D:4)
  3 dart slugs
  7 orcs
  5 bats
  8 endoplasms
  A giant cockroach (D:4)
  8 goblins
  5 hobgoblins
  A jackal (D:2)
  7 quokkas
  6 ball pythons
  8 frilled lizards
  6 kobolds
  5 rats
114 creatures vanquished.

Vanquished Creatures (others)
  A plant (D:3)
1 creature vanquished.

Grand Total: 115 creatures vanquished

Notes
Turn   | Place    | Note
-------+----------+-------------------------------------------
     0 | D:1      | Newt the Demonspawn Gladiator began the quest for the Orb.
     0 | D:1      | Reached XP level 1. HP: 16/16 MP: 1/1
    65 | D:1      | Reached skill level 1 in Stealth
   113 | D:1      | Gained mutation: You regenerate a little health from kills.
                  | [demonic ancestry]
   113 | D:1      | Reached XP level 2. HP: 22/22 MP: 2/2
   645 | D:1      | Reached XP level 3. HP: 27/27 MP: 3/3
   979 | D:2      | Noticed Jessica
   988 | D:2      | Killed Jessica
  1008 | D:2      | Reached XP level 4. HP: 28/34 MP: 4/4
  1436 | D:3      | Gained mutation: Your muscles are strong. (Str +4, Int/Dex
                  | -1) [potion of mutation]
  1436 | D:3      | Gained mutation: You are frail. (-10% HP) [potion of
                  | mutation]
  1436 | D:3      | Lost mutation: You are frail. (-10% HP) [potion of
                  | mutation]
  2482 | D:4      | Noticed a scorpion
  2502 | D:3      | Gained mutation: A meltable shield of frost defends you.
                  | (SH +4) [demonic ancestry]
  2502 | D:3      | Reached XP level 5. HP: 4/42 MP: 5/5
  2502 | D:3      | HP: 3/63 [poisoned by a gnoll]
  3378 | D:4      | Reached XP level 6. HP: 48/48 MP: 6/6
  3622 | D:4      | Found Gihuc's Assorted Antiques.
  3625 | D:4      | Bought a twisted silver amulet for 155 gold pieces
  3630 | D:4      | Bought a scroll labelled SOIKLEA SOAGUKAOFU for 31 gold
                  | pieces
  3630 | D:4      | Bought a scroll labelled FEKKIY UTEVEMO for 31 gold pieces
  3850 | D:5      | Entered Level 5 of the Dungeon
  3904 | D:5      | Noticed Sigmund
  3905 | D:5      | Noticed Pikel
  3965 | D:4      | Killed Sigmund
  3966 | D:4      | Gained mutation: Your touch may inflict minor irresistible
                  | damage on your foes. [demonic ancestry]
  3966 | D:4      | Reached XP level 7. HP: 38/54 MP: 5/7
  4196 | D:4      | Killed Pikel
  4486 | D:5      | Gained mutation: You regenerate health from kills. [demonic
                  | ancestry]
  4486 | D:5      | Reached XP level 8. HP: 64/64 MP: 8/8
  4610 | D:5      | Found a staircase to the Ecumenical Temple.
  4642 | D:5      | Found a runed translucent door.
  4663 | Temple   | Entered the Ecumenical Temple
  4789 | Temple   | Became a worshipper of Dithmenos the Shadowed
  5234 | D:5      | Noticed Edmund
  5250 | D:5      | Killed Edmund
  5335 | D:5      | Noticed Crazy Yiuf
  5346 | D:5      | Killed Crazy Yiuf
  5400 | D:6      | Noticed a troll
  5430 | D:5      | Killed a troll
  5431 | D:5      | Reached skill level 5 in Stealth
  5746 | D:6      | Learned a level 3 spell: Ignite Poison
  5793 | D:5      | Reached XP level 9. HP: 14/69 MP: 1/9
  6489 | D:6      | Reached skill level 5 in Short Blades
  6634 | D:6      | Noticed a two-headed ogre
  6820 | D:5      | Mangled by a two-headed ogre

Illustrated notes

Levels and vault maps discovered:
D:1:      amcnicky_arrival_flooded_fountain, layout_basic,
          hangedman_abyss_or_decor_lesser_grid
D:2:      layout_loops_ring, uniq_jessica
D:3:      layout_loops_ring, saegor_snake_ambush
D:4:      layout_rooms, serial_shops, kennysheep_mini_moat
D:5:      layout_basic, dreamdust_divine_triumvirate, minmay_temple_entry_mist,
          uniq_edmund, uniq_crazy_yiuf_cottage, uniq_pikel, uniq_sigmund
D:6:      cheibrodos_fzero, layout_cave_pools, serial_park_tiny_pond
Temple:   nicolae_temple_two_arcs

Skill      XL: |  1  2  3  4  5  6  7  8  9 |
---------------+----------------------------+-----
Stealth        | 1 2 3 6 |  6.0
Fighting       | 4 6 |  6.0
Polearms       | 2 4 |  4.0
Dodging        | 3 4 |  4.1
Armour         | 2 4 |  4.0
Short Blades   | 4 6 |  6.0
Throwing       | |  1.7

Action                   |  1- 3 |  4- 6 |  7- 9 || total
-------------------------+-------+-------+-------++-------
Melee: Rapier            |    38 |       |       ||    38
       Short sword       |    41 |    54 |       ||    95
       Punch             |       |     3 |     2 ||     5
       Spear             |       |   100 |   158 ||   258
       Touch             |       |       |    25 ||    25
Throw: Throwing net      |     3 |       |     4 ||     7
       Javelin           |     1 |       |       ||     1
       Dart              |       |     2 |       ||     2
 Cast: Ignite Poison     |       |       |     3 ||     3
Evoke: Wand              |       |       |     1 ||     1
  Use: Scroll            |     2 |     8 |     1 ||    11
       Potion            |       |     5 |     1 ||     6
 Stab: Sleeping          |     5 |     5 |     1 ||    11
       Held in net/web   |       |       |     1 ||     1
       Distracted        |       |       |     1 ||     1
Armor: Leather armour    |    18 |    13 |    50 ||    81
       Skin              |       |     3 |       ||     3
Dodge: Dodged            |    37 |    65 |   133 ||   235
Block: Other             |       |    12 |    54 ||    66
       Reflection        |       |       |     3 ||     3

Table legend: (Time is in decaauts)
 A = Elapsed time spent in this place.
 B = Non-inter-level travel time spent in this place.
 C = Inter-level travel time spent in this place.
 D = Time resting spent in this place.
 E = Time spent auto-exploring this place.
 F = Levels seen in this place.
 G = Mean time per level.
                   A        B        C        D        E       F      G
               +--------+--------+--------+--------+--------+-----+--------+
         Total |   6818 |   6587 |    231 |   2842 |   2646 |   7 |  974.0 |
       Dungeon |   6681 |   6476 |    205 |   2842 |   2542 |   6 | 1113.5 |
        Temple |    136 |    111 |     25 |      0 |    104 |   1 |  136.0 |
               +--------+--------+--------+--------+--------+-----+--------+

Top non-repeatable levels by time:
     D:5: 2122 daAuts
     D:3: 1988 daAuts
     D:4: 900 daAuts
     D:1: 719 daAuts
     D:2: 708 daAuts
     D:6: 241 daAuts
  Temple: 136 daAuts
